 Dungeon Crawl Stone Soup version 0.31.0-2-g5a2aebc5c2 (webtiles) character file.

Game seed: 2376362957106785473

86 ProzacElf the Covered (level 4, -15/36 HPs)
             Began as an Armataur Warper on Jan 21, 2024.
             Was a Follower of Uskayaw.
             Demolished by an ogre
             ... wielding a +0 giant club
              (22 damage)
             ... on level 2 of the Dungeon.
             The game lasted 00:03:09 (1738 turns).

ProzacElf the Covered (Armataur Warper)             Turns: 1738, Time: 00:03:09

Health: -15/36     AC: 10    Str: 18    XL:     4   Next: 26%
Magic:  6/6        EV:  6    Int: 13    God:    Uskayaw [*.....]
Gold:   139        SH:  0    Dex: 10    Spells: 6/6 levels left

rFire   . . .        a - +0 mace
rCold   . . .        (no shield)
rNeg    . . .        e - +0 chain mail
rPois   .            h - +0 helmet
rElec   .            n - +0 cloak
rCorr   .            (no gloves)
SInv    .            (no barding)
Will    .....        (no amulet) Stlth
                     (no ring)
HPRegen 0.26/turn    (no ring)
MPRegen 0.76/turn

%: roll
@: no status effects
A: large, deformed body, tough skin 3, armoured tail, roll 1
a: Renounce Religion, Stomp


You were on level 2 of the Dungeon.
You worshipped Uskayaw.
Uskayaw was noncommittal.
You visited 1 branch of the dungeon, and saw 2 of its levels.

You collected 139 gold pieces.

Inventory:

Hand Weapons
 a - a +0 mace (weapon)
Missiles
 d - 7 darts of dispersal
 i - 3 silver javelins (quivered)
Armour
 b - a +0 leather armour
 e - a +0 chain mail (worn)
 f - a +0 scale mail
 h - a +0 helmet (worn)
 n - a +0 cloak (worn)
Scrolls
 c - a scroll of blinking
 j - a scroll of poison {unknown}
 k - a scroll of teleportation {unknown}
 m - a scroll of fog {unknown}
 o - 3 scrolls of identify {unknown}
Potions
 g - a potion of curing {unknown}
 l - 2 potions of degeneration {unknown}
 p - a potion of heal wounds {unknown}


   Skills:
 - Level 1.7 Fighting
 + Level 3.2 Maces & Flails
 - Level 0.8 Throwing
 + Level 3.6 Armour
 - Level 1.3 Dodging
 - Level 1.7 Spellcasting
 - Level 3.0 Translocations


You had 6 spell levels left.
You didn't know any spells.
Your spell library contained the following spells:

 Spells                   Type           Power      Damage    Failure   Level
 Blink                    Tloc           16%        N/A       71%         2
 Lesser Beckoning         Tloc           16%        N/A       71%         2
 Teleport Other           Tloc           8%         N/A       91%         3
 Magic Dart               Conj           4%         1d3       94%         1
 Call Imp                 Summ           2%         N/A       98%         2
 Manifold Assault         Tloc           8%         N/A       100%        4
 Vhi's Electric Charge    Tloc/Air       10%        N/A       100%        4


Dungeon Overview and Level Annotations

Branches:
Dungeon (2/15)

Altars:
Uskayaw


Innate Abilities, Weirdness & Mutations

Armour fits poorly on your strangely shaped body.
You have extremely tough skin. (AC +3)
You have a long armoured tail.
You regenerate magic when rolling toward enemies. (Rampage MPRegen)


Message History

Ye hit tha ball python.
Ye kill tha ball python!
Nay target in view!
Nay target in view!
Ye start restin'.
HP restored.
Health restored: 36 Tha ogre shouts!
Ye roll towards tha ogre!
Ye sock tha ogre!
Tha ogre be moderately wounded.
Tha ogre barely misses ye.
Ye hit tha ogre.
Tha ogre be heavily wounded.
Tha ogre hits ye wit' a +0 giant club!!
Ouch! Tha re'lly hurt!
* * * LOW HITPOINT WARNIN'
* * * Ye can now pass through a line o' othar dancers.
Ye take 29 damage, an' haf 7/36 hp.
MASSIVE DAMAGE!!
Tha ogre attacks as it pursues ye!
Tha ogre barely misses ye.
Ye can nay longer pass through a line o' othar dancers.
Ye enter a dispersal trap!
Tha ogre blinks!
Ye blink.
Unknown command.
Ye ar'n't carryin' any items tha ye can evoke.
Throw: 4 javelins (sil'er)
Press: ? - help, Q - select action, (/) - cycle Shift-Dir - straight line, f - ogre
Aim: an ogre, wieldin' a +0 giant club (heavily wounded, 69% ta hit) Ye throw a sil'er javelin.
Tha sil'er javelin pierces through tha ogre.
Tha ogre be heavily wounded.
Ye hit tha ogre but do nay damage.
Tha ogre be heavily wounded.
Tha ogre hits ye wit' a +0 giant club.
* * * LOW HITPOINT WARNIN'
* * * Ye take 2 damage, an' haf 7/36 hp.
Ye barely miss tha ogre.
Tha ogre be heavily wounded.
Tha ogre hits ye wit' a +0 giant club!!
Ouch! Tha re'lly hurt!
Ye die...

.....?......# ...
#.####(....## ##.#
#.####)...§.###O.#
#......^..#..#..†####.#
######...#............)
......#.###.######..
#####..... #.# ..#
#..#O#.#.#.# .....
#...@......# .##.#
#..#.#.###.# .........#
#### ##.## .. #.# ..
#.. . ###


You could see an ogre.

Vanquished Creatures
  3 gnolls (D:2)
  2 adders (D:2)
  5 ball pythons
  5 endoplasms
  3 goblins
  7 hobgoblins
  4 jackals (D:1)
  A quokka (D:1)
  A bat (D:2)
  3 frilled lizards
  4 kobolds
38 creatures vanquished.

Notes
Turn   | Place    | Note
-------+----------+-------------------------------------------
     0 | D:1      | ProzacElf the Armataur Warper began the quest for the Orb.
     0 | D:1      | Reached XP level 1. HP: 17/17 MP: 3/3
   116 | D:1      | You fall into a shaft and drop 1 floor!
   211 | D:1      | Reached XP level 2. HP: 9/24 MP: 4/4
  1202 | D:2      | Reached XP level 3. HP: 19/29 MP: 5/5
  1435 | D:2      | Found a faded altar of an unknown god.
  1532 | D:2      | Prayed at the altar of an unknown god.
  1532 | D:2      | Became a worshipper of Uskayaw the Reveller
  1532 | D:2      | Reached * piety under Uskayaw
  1570 | D:2      | Reached XP level 4. HP: 32/36 MP: 6/6
  1709 | D:2      | Noticed an ogre
  1717 | D:2      | Reached ** piety under Uskayaw
  1738 | D:2      | Demolished by an ogre

Illustrated notes

Levels and vault maps discovered:
D:1:      amcnicky_arrival_abandoned_market, layout_basic
D:2:      layout_loops_ring, shapermc_ecumenical_altar_mp_urbaneastern,
          grunt_ministairs_8, minmay_fractal_squares_gapless_5

Skill      XL: |  1  2  3 |
---------------+----------+-----
Maces & Flails | 2 3 |  3.2
Armour         | 2 3 |  3.6
Fighting       | |  1.7
Throwing       | |  0.8
Dodging        | |  1.3
Spellcasting   | |  1.7
Translocations | |  3.0

Action                     |  1- 3 |  4- 6 || total
---------------------------+-------+-------++-------
  Melee: Mace              |    89 |    20 ||   109
         Tailslap          |    11 |     1 ||    12
  Throw: Javelin           |       |     1 ||     1
 Armour: Chain mail        |   107 |    24 ||   131
  Dodge: Dodged            |    41 |     4 ||    45

Action                     |  1- 3 |  4- 6 || total
---------------------------+-------+-------++-------
  Melee: Mace              |    89 |    20 ||   109
         Tailslap          |    11 |     1 ||    12
  Throw: Javelin           |       |     1 ||     1
 Armour: Chain mail        |   107 |    24 ||   131
  Dodge: Dodged            |    41 |     4 ||    45

Levels and vault maps discovered:
D:1:      amcnicky_arrival_abandoned_market, layout_basic
D:2:      layout_loops_ring, shapermc_ecumenical_altar_mp_urbaneastern,
          grunt_ministairs_8, minmay_fractal_squares_gapless_5
